 Dungeon Crawl Stone Soup version 0.28.0 (webtiles) character file.

Game seed: 2976697095127063513

427 GordonOverkill the Magician (level 6, -4/47 HPs)
             Began as a Mummy Enchanter on Feb 16, 2022.
             Slain by a kobold brigand (7 damage)
             ... on level 4 of the Dungeon.
             The game lasted 00:09:21 (4112 turns).

GordonOverkill the Magician (Mummy Enchanter)       Turns: 4112, Time: 00:09:22

Health: -4/47      AC:  2    Str: 13    XL:     6   Next: 65%
Magic:  4/12       EV: 12    Int: 15    God:
Gold:   143        SH:  0    Dex: 12    Spells: 5/13 levels left

rFire   x . .      SeeInvis .   g - +0 dagger (venom)
rCold   + . .      Faith    .   (no shield)
rNeg    + + +      Spirit   .   b - +0 robe
rPois   ∞          Reflect  .   (no helmet)
rElec   .          Harm     .   (no cloak)
rCorr   .          Rampage  .   (no gloves)
Will    .....                   (no boots)
Stlth   ++........              e - amulet of regeneration
HPRegen 0.95/turn               (no ring)
MPRegen 0.13/turn               (no ring)

@: very slightly contaminated
A: cold resistance 1, negative energy resistance 3, torment resistance 2, heat
vulnerability 1, no potions
a: no special abilities


You were on level 4 of the Dungeon.
You visited 1 branch of the dungeon, and saw 4 of its levels.

You collected 143 gold pieces.

Inventory:

Hand Weapons
 a - a +1 dagger
 g - a +0 dagger of venom (weapon)
Missiles
 i - a throwing net
 k - 5 poisoned darts (quivered)
Armour
 b - a +0 robe (worn)
 f - a +0 buckler
Jewellery
 e - an amulet of regeneration (around neck)
Scrolls
 c - a scroll of fog {unknown}
 d - 2 scrolls of magic mapping {unknown}
 h - a scroll of identify {unknown}
 j - a scroll of vulnerability {unknown}


   Skills:
 - Level 3.0 Fighting
 - Level 2.0 Short Blades
 + Level 0.0 Throwing
 - Level 1.5 Dodging
 + Level 2.5 Stealth
 + Level 1.9 Shields
 + Level 4.0 Spellcasting
 + Level 3.8 Hexes
 + Level 2.2 Ice Magic


You had 5 spell levels left.
You knew the following spells:

 Your Spells              Type           Power      Damage    Failure   Level
a - Ensorcelled Hibernat  Hex/Ice        24%        N/A       8%          2
b - Confusing Touch       Hex            14%        N/A       12%         3
c - Tukima's Dance        Hex            14%        N/A       12%         3

Your spell library contained the following spells:

 Spells                   Type           Power      Damage    Failure   Level
 Dazzling Flash           Conj/Hex       16%        N/A       26%         3


Dungeon Overview and Level Annotations

Branches:
Dungeon (4/15)
 Temple: D:4-7

Altars:


Innate Abilities, Weirdness & Mutations

You are immune to poison.
Your flesh is cold resistant. (rC+)
You are immune to negative energy. (rN+++)
You are immune to unholy pain and torment.
You are vulnerable to heat. (rF-)
You do not drink.


Message History

Casting: Confusing Touch (dangerous; 12% risk of failure)
Confirm with . or Enter, or press ? or * to list all spells.
Aiming: Ensorcelled Hibernation (safe; 8% risk of failure)
Press: ? - help, Shift-Dir - straight line, f - kobold brigand
Aim: a kobold brigand, wielding a +2 dagger of holy wrath and quivering curare-tipped darts (chance to affect: 46%)
The kobold brigand resists with some effort.
The kobold brigand hits you with a +2 dagger of holy wrath.
* * * LOW HITPOINT WARNING * * *
You convulse.
* * * LOW HITPOINT WARNING * * *
Casting: Ensorcelled Hibernation (safe; 8% risk of failure)
Confirm with . or Enter, or press ? or * to list all spells.
Aiming: Ensorcelled Hibernation (safe; 8% risk of failure)
Press: ? - help, Shift-Dir - straight line, f/p - kobold brigand
Aim: a kobold brigand, wielding a +2 dagger of holy wrath and quivering curare-tipped darts (chance to affect: 46%)
The kobold brigand resists with some effort.
The kobold brigand hits you with a +2 dagger of holy wrath!
* * * LOW HITPOINT WARNING * * *
You convulse!
* * * LOW HITPOINT WARNING * * *
Casting: Ensorcelled Hibernation (safe; 8% risk of failure)
Confirm with . or Enter, or press ? or * to list all spells.
Aiming: Ensorcelled Hibernation (safe; 8% risk of failure)
Press: ? - help, Shift-Dir - straight line, f/p - kobold brigand
Aim: a kobold brigand, wielding a +2 dagger of holy wrath and quivering curare-tipped darts (chance to affect: 46%)
You miscast Ensorcelled Hibernation.
You are very lightly contaminated with residual magic.
Nothing appears to happen.
The kobold brigand hits you with a +2 dagger of holy wrath!
* * * LOW HITPOINT WARNING * * *
You convulse.
* * * LOW HITPOINT WARNING * * *
Casting: Ensorcelled Hibernation (safe; 8% risk of failure)
Confirm with . or Enter, or press ? or * to list all spells.
Aiming: Ensorcelled Hibernation (safe; 8% risk of failure)
Press: ? - help, Shift-Dir - straight line, f/p - kobold brigand
Aim: a kobold brigand, wielding a +2 dagger of holy wrath and quivering curare-tipped darts (chance to affect: 46%)
The kobold brigand resists with some effort.
The kobold brigand hits you with a +2 dagger of holy wrath!
You die...

.## .8# .... .##
... ..##
#.###### ...###
#......# ....8#
#......# .....##
#......#
#.....##
#......####..
##.....##
#....@.......
#8....8#
#.####K......
###...## #.#
....... #...#
#.# #####..
##.## #.# .
#.###.######.###
#.....>........#
#.####.........#
#.#.......#


You could see a kobold brigand.

Vanquished Creatures
  Grinder (D:3)
  Jessica (D:3)
  An orc wizard (D:3)
  4 gnolls (D:3)
  4 adders
  7 worms
  A dart slug (D:3)
  6 orcs
  4 ball pythons
  5 bats
  4 endoplasms
  2 giant cockroaches
  14 goblins
  6 hobgoblins
  6 jackals
  2 kobolds (D:1)
  5 quokkas
  2 frilled lizards
  A rat (D:2)
  A spectral hobgoblin (D:1)
77 creatures vanquished.

Notes
Turn   | Place    | Note
-------+----------+-------------------------------------------
     0 | D:1      | GordonOverkill the Mummy Enchanter began the quest for the
                  | Orb.
     0 | D:1      | Reached XP level 1. HP: 13/13 MP: 4/4
   312 | D:1      | Found a faded altar of an unknown god.
   457 | D:1      | Reached skill level 3 in Spellcasting
   535 | D:1      | Reached XP level 2. HP: 20/20 MP: 6/6
   704 | D:1      | Learned a level 2 spell: Ensorcelled Hibernation
  1166 | D:2      | Reached skill level 1 in Fighting
  1314 | D:2      | Reached skill level 1 in Short Blades
  1508 | D:2      | Reached XP level 3. HP: 26/26 MP: 4/7
  1958 | D:2      | Learned a level 3 spell: Confusing Touch
  1962 | D:2      | Learned a level 3 spell: Tukima's Dance
  2241 | D:2      | Reached XP level 4. HP: 25/32 MP: 6/9
  2436 | D:3      | Reached skill level 1 in Ice Magic
  2966 | D:3      | Noticed Jessica
  3005 | D:3      | Killed Jessica
  3006 | D:3      | Reached XP level 5. HP: 30/38 MP: 3/10
  3135 | D:3      | Reached skill level 1 in Shields
  3170 | D:3      | Reached skill level 4 in Spellcasting
  3214 | D:3      | Noticed Grinder
  3246 | D:3      | Killed Grinder
  3247 | D:3      | Reached XP level 6. HP: 46/46 MP: 8/12
  4111 | D:4      | HP: 2/47 [kobold brigand (2)]
  4112 | D:4      | Slain by a kobold brigand

Illustrated notes

Levels and vault maps discovered:
D:1:      lightli_iron_boxes, layout_basic,
          dreamdust_ecumenical_altar_drowned_temple
D:2:      kennysheep_the_goblin_king, layout_rooms, guppyfry_early_orc_mine
D:3:      minmay_angry_zag, layout_loops_ring, nicolae_wormholes, uniq_grinder,
          uniq_jessica
D:4:      cheibrodos_barr_body, layout_basic, serial_corexii_hall,
          chequers_hall_statues_corner_a, corexii_hall_statues_l,
          corexii_hall_statues_x, chequers_hall_statues_y

Skill      XL: |  1  2  3  4  5  6 |
---------------+-------------------+-----
Spellcasting   | 3 4 |  4.0
Hexes          | 3 |  3.8
Fighting       | 1 2 3 |  3.0
Short Blades   | 1 2 |  2.0
Ice Magic      | 1 2 |  2.2
Shields        | 1 |  1.9
Dodging        | |  1.5
Stealth        | |  2.5

Action                   |  1- 3 |  4- 6 || total
-------------------------+-------+-------++-------
Melee: Dagger            |   186 |   165 ||   351
       Punch             |     6 |     2 ||     8
 Cast: Ensorcelled Hiber |    32 |    15 ||    47
       Confusing Touch   |       |     2 ||     2
 Stab: Sleeping          |    16 |     8 ||    24
       Distracted        |       |     2 ||     2
       Confused          |       |     1 ||     1
Armor: Robe              |    32 |    19 ||    51
Dodge: Dodged            |   122 |    80 ||   202
